 Dungeon Crawl Stone Soup version 0.18-a0-1361-g9293dd1 (webtiles) character file.

40 Duffy the Chopper (level 3, 0/29 HPs)
             Began as a Mummy Fighter on Feb 20, 2016.
             Slain by Natasha (6 damage)
             ... on level 3 of the Dungeon.
             The game lasted 00:01:06 (1449 turns).

Duffy the Chopper (Mummy Fighter)                   Turns: 1449, Time: 00:01:06

Health: 0/29       AC:  6    Str: 20    XL:     3   Next: 30%
Magic:  3/3        EV:  7    Int:  7    God:
Gold:   59         SH:  8    Dex: 11    Spells: 0 memorised, 2 levels left

rFire  x . .     SeeInvis .     a - +0 war axe
rCold  + . .     Gourm    .     b - +0 scale mail
rNeg   + + +     Faith    .     c - +0 shield
rPois  ∞         Spirit   .     (no helmet)
rElec  .         Dismiss  .     (no cloak)
rCorr  .         Reflect  .     (no gloves)
SustAt .         Harm     .     (no boots)
MR     .....                    (no amulet)
Stlth  ..........               (no ring)
                                (no ring)

@: slowed, very slow, not resistant to hostile enchantments, extremely
unstealthy
A: no food or potions, fire vulnerability, cold resistance 1, negative energy
resistance 3, torment resistance, unbreathing
a: no special abilities


You were on level 3 of the Dungeon.
You were not hungry.

You visited 1 branch of the dungeon, and saw 3 of its levels.

You collected 59 gold pieces.


Innate Abilities, Weirdness & Mutations

You do not eat or drink.
Your flesh is vulnerable to fire.
You are immune to poison.
Your flesh is cold resistant.
You are immune to negative energy.
You are immune to unholy pain and torment.
You can survive without breathing.


   Skills:
 - Level 3.0 Fighting
 + Level 3.1 Axes
 - Level 2.4 Armour
 - Level 2.4 Shields


You had 2 spell levels left.
You didn't know any spells.

Inventory:

Hand Weapons
 a - a +0 war axe (weapon)
Armour
 b - a +0 scale mail (worn)
 c - a +0 shield (worn)
Scrolls
 d - a scroll of amnesia {unknown}
 e - a scroll of remove curse {unknown}
 f - 2 scrolls of identify {unknown}
 g - a scroll of immolation {unknown}
 h - 3 scrolls of teleportation {unknown}

Dungeon Overview and Level Annotations

Branches:
Dungeon (3/15)

Altars:
Fedhas
Nemelex Xobeh
Qazlal

Annotations:
D:3 Natasha


Message History

You are too injured to fight recklessly!
You are too injured to fight recklessly!
You are too injured to fight recklessly!
You are too injured to fight recklessly!
You are too injured to fight recklessly!
You are too injured to fight recklessly!
You are too injured to fight recklessly!
You are too injured to fight recklessly!
You are too injured to fight recklessly!
You are too injured to fight recklessly!
You are too injured to fight recklessly!
You are too injured to fight recklessly!
You completely miss Natasha.
Natasha is moderately wounded.
Natasha claws you but does no damage. Natasha claws you.
You hit Natasha but do no damage.
Natasha is moderately wounded.
Natasha casts a spell at you. You resist with some effort.
You block Natasha's attack.
You closely miss Natasha.
Natasha is moderately wounded.
Natasha casts a spell at you. You resist with some effort.
Natasha mumbles some strange words.
You closely miss Natasha.
Natasha is moderately wounded.
You hit the crimson imp.
The crimson imp is lightly wounded.
Natasha claws you but does no damage.
The crimson imp hits you but does no damage.
You block Natasha's attack. You block the crimson imp's attack.
You hit Natasha.
Natasha is severely wounded.
You closely miss the crimson imp. Natasha claws you.
You die...

#.....<.#
#.......#
######'##
#.# #.#
#.########
#.........
#..#####.#
#.@#
.......h5#
######...#
#...#
#...#
....#
#.#.# ..
.#


You could see Natasha and a crimson imp.

Action                   || total
-------------------------++-------
Melee: War axe           ||   121

Notes
Turn   | Place    | Note
--------------------------------------------------------------
     0 | D:1      | Duffy the Mummy Fighter began the quest for the Orb.
     0 | D:1      | Reached XP level 1. HP: 18/18 MP: 1/1
   146 | D:1      | Found a sparkling altar of Nemelex Xobeh.
   253 | D:1      | Reached skill level 2 in Axes
   590 | D:1      | Reached XP level 2. HP: 22/24 MP: 2/2
   977 | D:2      | Found a blossoming altar of Fedhas.
   977 | D:2      | Found a stormy altar of Qazlal.
  1177 | D:2      | Reached XP level 3. HP: 27/29 MP: 3/3
  1279 | D:2      | Reached skill level 3 in Axes
  1436 | D:3      | Noticed Natasha
  1449 | D:3      | Slain by Natasha

Vault maps used:
D:1:      tarquinn_simple_flora_water_f, nemelex_diamond_rough_becter
D:2:      wad_pebble_path, grunt_temple_overflow_forces_of_nature, first_bread
D:3:      lemuel_crystal_altar, okawaru_gym_becter, ecumenical_altar_2,
          uniq_natasha

Vanquished Creatures
  An adder
  A worm
  6 goblins
  2 hobgoblins
  6 kobolds
  8 bats
  2 giant newts
  4 rats
30 creatures vanquished.
